 Dungeon Crawl Stone Soup version 0.28-a0-1435-g82390b3a13 (webtiles) character file.

Game seed: 8952226439396783

44 gimp the Conjurer (level 3, 0/20 HPs)
             Began as a Tengu Wanderer on Jan 9, 2022.
             Slain by an orc (7 damage)
             ... on level 2 of the Dungeon.
             The game lasted 00:03:44 (2748 turns).

gimp the Conjurer (Tengu Wanderer)                  Turns: 2748, Time: 00:03:45

Health: 0/20       AC:  2    Str:  9    XL:     3   Next: 62%
Magic:  4/7        EV: 12    Int: 13    God:
Gold:   36         SH:  4    Dex: 17    Spells: 5/6 levels left

rFire   + . .      SeeInvis .   a - +2 dagger (freeze)
rCold   + . .      Faith    .   m - +0 buckler
rNeg    . . .      Spirit   .   c - +0 robe
rPois   .          Reflect  .   (helmet restricted)
rElec   .          Harm     .   h - scarf {rC+ rF+}
rCorr   .          Rampage  .   (no gloves)
Will    .....                   (boots unavailable)
Stlth   ++........              (no amulet)
HPRegen 0.06/turn               (no ring)
MPRegen 0.10/turn               (no ring)

@: no status effects
A: beak, talons 3
a: no special abilities


You were on level 2 of the Dungeon.
You visited 1 branch of the dungeon, and saw 3 of its levels.

You collected 94 gold pieces.
You spent 58 gold pieces at shops.

Inventory:

Hand Weapons
 a - a +2 dagger of freezing (weapon)
Armour
 c - a +0 robe (worn)
 h - a scarf of resistance (worn)
 m - a +0 buckler (worn)
Jewellery
 g - an amulet of regeneration
 l - a ring of resist corrosion
Scrolls
 d - 2 scrolls of magic mapping {unknown}
 e - 2 scrolls of enchant armour {unknown}
 f - 3 scrolls of identify {unknown}
 j - a scroll of vulnerability {unknown}
 k - a scroll of enchant weapon {unknown}
Potions
 b - a potion of resistance {unknown}
 i - a potion of lignification {unknown}


   Skills:
 - Level 1.0 Fighting
 - Level 1.1 Staves
 - Level 2.1 Dodging
 - Level 2.0 Stealth
 + Level 2.2 Spellcasting
 + Level 4.1 Conjurations
 - Level 1.0 Evocations


You had 5 spell levels left.
You knew the following spells:

 Your Spells              Type           Power      Damage    Failure   Level
a - Magic Dart            Conj           48%        1d5       6%          1

Your spell library contained the following spells:

 Spells                   Type           Power      Damage    Failure   Level
 Foxfire                  Conj/Fire      24%        2x1d5     14%         1
 Shock                    Conj/Air       24%        1d4       14%         1


Dungeon Overview and Level Annotations

Branches:
Dungeon (3/15)

Altars:
Kikubaaqudgha

Shops:
D:2 [((*


Innate Abilities, Weirdness & Mutations

You have a beak for a mouth.
You have claws for feet.


Message History

MP restored: 7 You climb downwards.
The rat misses you.
There is a stone staircase leading up here.
The magic dart hits the rat.
You kill the rat!
You now have 6/7 mp.
The magic dart hits the orc but does no damage.
The orc hits you with a +2 mace of holy wrath.
You take 3 damage, and have 17/20 hp.
You now have 5/7 mp.
The magic dart hits the orc but does no damage.
The orc misses you.
You now have 4/7 mp.
The magic dart hits the orc but does no damage.
The orc hits you with a +2 mace of holy wrath.
You take 5 damage, and have 12/20 hp.
MASSIVE DAMAGE!!
You now have 3/7 mp.
The magic dart hits the orc but does no damage.
The orc hits you with a +2 mace of holy wrath.
The orc wizard mumbles some strange words.
The orc wizard flickers and vanishes!
Deactivating autopickup; reactivate with Ctrl-A.
You take 1 damage, and have 11/20 hp.
You now have 2/7 mp.
The orc closely misses you.
You climb upwards.
Reactivating autopickup.
There is a stone staircase leading down here.
Press: ? - help, v - describe, . - travel
Here: an orc, wielding a +2 mace of holy wrath and wearing a +0 chain mail The floor.
The orc hits you with a +2 mace of holy wrath.
* * * LOW HITPOINT WARNING * * *
Things that are here:
a +0 scale mail; 2 boomerangs; a +0 short sword You take 5 damage, and have 6/20 hp.
MASSIVE DAMAGE!!
Casting: Magic Dart (safe; 6% risk of failure)
Confirm with . or Enter, or press ? or * to list all spells.
Okay, then.
Okay, then.
Unknown command.
The orc hits you with a +2 mace of holy wrath!
You die...

###..#...##.##..#..#.## #..#
.....##.###[####..#...# #.##
###........># ##.....# #.#
#####.##### ##....# #.# ##'##
#.#### ##.## ##...## #.# ####
#...# ##.....## ##.# #..# #...###
##.......## ##o####''####..#<#
###...).....####@.'..∩..>..'.#...
..'.........'.....##########.....
###..[>.....####...# #.#...
##.......## ##..# #.##.#
##.....## ##.# #.#### ##...## #>#
#.# ##+## #.### #.# #.#
########...# #.#### ##### #.#
#........#.# #.....


You could see an orc.

Vanquished Creatures
  An adder (D:2)
  A worm (D:2)
  2 orcs
  8 bats
  3 endoplasms
  5 goblins
  3 hobgoblins
  4 frilled lizards (D:1)
  2 kobolds (D:1)
  4 rats
33 creatures vanquished.

Vanquished Creatures (others)
  5 withered plants (D:1)
5 creatures vanquished.

Grand Total: 38 creatures vanquished

Notes
Turn   | Place    | Note
-------+----------+-------------------------------------------
     0 | D:1      | gimp the Tengu Wanderer began the quest for the Orb.
     0 | D:1      | gimp set off with the following items: a +0 quarterstaff, a
                  | +0 cloak, a +0 robe; and the following spells available to
                  | memorise: Magic Dart, Foxfire, Shock
     0 | D:1      | Reached XP level 1. HP: 12/12 MP: 3/3
    25 | D:1      | Learned a level 1 spell: Magic Dart
   224 | D:1      | Reached skill level 3 in Conjurations
   356 | D:1      | Reached XP level 2. HP: 16/16 MP: 1/5
   480 | D:1      | Found a faded altar of an unknown god.
  1381 | D:2      | Found Bisuex's Weapon Shoppe.
  1531 | D:2      | Found an ancient bone altar of Kikubaaqudgha.
  1662 | D:2      | Found Vohaijeo's Antique Weapon Shoppe.
  1753 | D:2      | Found Vahy's Assorted Antiques.
  1849 | D:2      | Reached XP level 3. HP: 20/20 MP: 4/6
  2191 | D:2      | Reached skill level 4 in Conjurations
  2529 | D:2      | Found Pugot's Armour Shoppe.
  2533 | D:2      | Bought a +0 buckler for 58 gold pieces
  2748 | D:2      | Slain by an orc

Illustrated notes

Levels and vault maps discovered:
D:1:      psy_arrival_heroes, layout_loops_ring,
          shapermc_ecumenical_altar_flowoftime, chequers_serial_rivers_large_b,
          item_on_display_a
D:2:      layout_loops_corners, serial_shops, shop, shop,
          nicolae_shop_hallway_stairs, nicolae_lakefront_shop, basic_altar,
          hex_medium
D:3:      layout_basic, mainiacjoe_overflow_small_starburst,
          guppyfry_early_orc_mine

Skill      XL: |  1  2  3 |
---------------+----------+-----
Conjurations   | 3 4 |  4.1
Spellcasting   | 2 |  2.2
Fighting       | |  1.0
Staves         | |  1.1
Dodging        | |  2.1
Stealth        | |  2.0
Evocations     | |  1.0

Action                   || total
-------------------------++-------
Melee: Quarterstaff      ||     9
       Kick              ||     7
       Peck              ||     4
       Dagger            ||     5
 Cast: Magic Dart        ||    93
Armor: Robe              ||     6
Dodge: Dodged            ||    14

Table legend: (Time is in decaauts)
 A = Elapsed time spent in this place.
 B = Non-inter-level travel time spent in this place.
 C = Inter-level travel time spent in this place.
 D = Time resting spent in this place.
 E = Time spent auto-exploring this place.
 F = Levels seen in this place.
 G = Mean time per level.
                   A        B        C        D        E       F      G
               +--------+--------+--------+--------+--------+-----+--------+
         Total |   2776 |   2724 |     52 |     61 |   2368 |   3 |  925.3 |
       Dungeon |   2776 |   2724 |     52 |     61 |   2368 |   3 |  925.3 |
               +--------+--------+--------+--------+--------+-----+--------+

Top non-repeatable levels by time:
     D:1: 1382 daAuts
     D:2: 1373 daAuts
     D:3: 20 daAuts
